Map: Coda EC

Players

gOre

  • Race: Zerg Zerg

AgCl - Winner!

  • Race: Protoss Protoss

VOD

Have the link to the VOD?

Description

Time

  • Played on: May 22, 2015, 4:25 p.m.
  • Length: 17:22
Show
View Real Time Build Order
Export as new Build Order

gOre Zerg 

Build Orders: Hatch First 

Get SALT Encoding   

  12  0:01  Drone  
  13  0:13  Overlord  
  13  0:18  Drone  
  14  0:31  Drone  
  14  0:32  Drone  
  16  0:36  Drone  
  17  0:54  Hatchery  
  17  0:56  Drone  
  17  1:11  Spawning Pool  
  17  1:13  Drone  
  17  1:19  Extractor  
  17  1:20  Drone  
  17  1:23  Drone  
  18  1:33  Drone  
  19  1:40  Overlord  
  19  1:51  Drone  
  20  1:58  Queen  
  22  2:06  Queen  
  22  2:08  Zergling x4  
  25  2:13  Drone  
  27  2:20  Metabolic Boost  
  27  2:26  Drone x2  
  30  2:37  Drone x2  
  30  2:44  Queen  
  31  2:45  Overlord  
  31  2:49  Drone  
  34  2:58  Drone x2  
  36  3:14  Hatchery  
  36  3:16  Drone x2  
  37  3:27  Drone x5  
  38  3:31  Spore Crawler  
  40  3:41  Drone  
  40  3:42  Drone, Spore Crawler  
  41  3:49  Drone x3  
  41  3:51  Drone  
  44  4:01  Extractor  
  44  4:02  Extractor  
  42  4:03  Lair  
  42  4:04  Drone x2  
  44  4:32  Extractor  
  41  4:42  Drone x2  
  41  4:43  Drone x4  
  47  4:50  Drone x3  
  47  4:51  Overlord x2  
  47  4:52  Overlord x3  
  50  4:59  Overlord x2  
  50  5:03  Spire  
  50  5:04  Spire  
  47  5:20  Drone  
  41  5:27  Drone x3  
  41  5:28  Drone x2  
  45  5:34  Drone  
  45  5:35  Drone x4  
  50  5:39  Spore Crawler  
  50  5:42  Drone  
  50  5:43  Drone  
  50  5:47  Drone x2  
  53  5:50  Drone  
  53  5:56  Roach Warren  
  53  6:04  Queen  
  53  6:06  Extractor  
  53  6:08  Drone x3  
  53  6:09  Drone, Extractor  
  53  6:10  Drone x2  
  59  6:11  Drone  
  59  6:12  Drone x5  
  59  6:17  Zerg Flyer Weapons Level 1  
  59  6:18  Zerg Flyer Armor Level 1  
  65  6:25  Drone x3  
  68  6:38  Zergling x2  
  69  6:44  Corruptor  
  69  6:45  Corruptor x3  
  69  6:46  Corruptor  
  79  7:01  Corruptor  
  79  7:07  Hatchery, Corruptor  
  81  7:09  Roach x2  
  81  7:13  Corruptor  
  85  7:34  Roach  
  85  7:35  Roach x5  
  95  7:47  Zergling x6  
  96  7:54  Roach  
  98  7:59  Zergling x4  
  98  8:00  Overlord  
  98  8:01  Overlord x2  
  96  8:06  Roach  
  96  8:07  Roach  
  95  8:16  Evolution Chamber x2, Zergling x12  
  95  8:17  Zergling x2  
  96  8:21  Queen  
  97  8:46  Roach  
  97  8:47  Roach x5  
  99  9:04  Zergling x18  
  99  9:07  Queen  
  109  9:10  Hatchery  
  106  9:32  Zerg Ground Armor Level 1, Zerg Melee Weapons Level 1  
  106  9:33  Mutalisk  
  106  9:34  Mutalisk x5  
  116  9:40  Mutalisk x2  
  120  9:58  Corruptor  
  120  9:59  Corruptor x2  
  122  10:00  Overlord x2  
  122  10:01  Overlord  
  101  10:31  Drone x13  
  107  10:37  Mutalisk  
  101  10:43  Drone x3  
  103  10:55  Extractor  
  103  10:56  Extractor  
  101  11:00  Hatchery  
  101  11:01  Spore Crawler  
  101  11:02  Extractor  
  98  11:07  Mutalisk x5  
  104  11:38  Queen  
  92  12:08  Zerg Flyer Armor Level 2, Zerg Flyer Weapons Level 2  
  88  12:10  Spore Crawler  
  88  12:14  Corruptor x3  
  88  12:15  Mutalisk, Corruptor x2  
  97  12:16  Mutalisk x6  
  97  12:17  Overlord  
  111  12:32  Queen  
  111  12:41  Drone x2  
  111  12:42  Drone x3  
  116  12:44  Drone x3  
  116  12:45  Drone  
  120  12:54  Overlord x2  
  120  12:55  Overlord x2  
  120  13:01  Zerg Melee Weapons Level 2  
  90  13:18  Corruptor  
  90  13:19  Corruptor x4  
  92  13:25  Infestation Pit  
  91  13:30  Corruptor  
  91  13:33  Corruptor x2  
  98  13:55  Roach x2  
  98  13:56  Roach x2  
  102  14:08  Queen x2  
  104  14:18  Roach x2  
  104  14:19  Spore Crawler  
  104  14:21  Overseer x2  
  104  14:22  Overseer  
  102  14:24  Overseer  
  96  14:39  Hatchery  
  91  14:52  Hatchery  
  90  14:57  Drone  
  90  14:58  Drone x5  
  96  15:14  Drone x8  
  97  15:16  Drone x6  
  97  15:20  Hive  
  108  15:47  Roach  
  108  15:48  Spine Crawler, Roach x2  
  108  15:49  Spine Crawler  
  110  15:52  Drone x3  
  110  15:55  Drone x4  
  117  16:09  Drone x2  
  98  16:40  Drone x3, Spine Crawler  
  98  16:41  Drone x3  
  98  16:43  Drone x9  
  112  16:48  Drone  
Show
View Real Time Build Order
Export as new Build Order

AgCl Protoss - Winner!

Build Orders: Oracle Opening, Oracle Opening, Carrier Rush 

Get SALT Encoding   

  12  0:04  Probe  
  13  0:21  Pylon  
  13  0:22  Probe  
  14  0:39  Probe  
  15  0:46  Gateway  
  15  0:51  Assimilator  
  15  0:52  Probe  
  16  1:04  Probe  
  17  1:16  Probe  
  18  1:28  Probe (Chrono Boost)  
  19  1:33  Cybernetics Core  
  19  1:39  Assimilator  
  20  1:40  Probe (Chrono Boost)  
  20  1:42  Pylon  
  20  1:48  Probe (Chrono Boost)  
  21  1:57  Probe  
  22  2:10  Nexus  
  22  2:19  Stargate  
  22  2:22  Probe (Chrono Boost)  
  23  2:34  Probe (Chrono Boost)  
  24  2:40  Mothership Core (Chrono Boost)  
  25  2:46  Warp Gate  
  25  2:50  Gateway  
  25  3:00  Probe (Chrono Boost)  
  25  3:07  Probe (Chrono Boost)  
  26  3:17  Oracle (Chrono Boost)  
  26  3:18  Probe (Chrono Boost)  
  31  3:27  Probe (Chrono Boost)  
  31  3:30  Probe (Chrono Boost)  
  32  3:38  Probe (Chrono Boost)  
  32  3:41  Probe (Chrono Boost)  
  34  3:45  Probe (Chrono Boost)  
  34  3:47  Probe (Chrono Boost)  
  35  3:59  Probe (Chrono Boost)  
  35  4:00  Probe (Chrono Boost)  
  37  4:06  Fleet Beacon, Pylon  
  37  4:09  Probe (Chrono Boost)  
  39  4:10  Probe (Chrono Boost)  
  39  4:18  Probe  
  39  4:20  Probe  
  41  4:28  Carrier (Chrono Boost)  
  42  4:32  Probe x2 (Chrono Boost)  
  43  4:40  Assimilator  
  43  4:44  Probe (Chrono Boost), Assimilator  
  45  4:47  Probe (Chrono Boost)  
  45  4:48  Gateway  
  51  4:55  Probe  
  51  4:58  Pylon  
  52  5:07  Pylon  
  52  5:16  Probe  
  53  5:29  Probe  
  54  5:39  Probe  
  55  5:45  Void Ray (Chrono Boost)  
  55  5:46  Probe  
  60  5:50  Gateway  
  60  5:55  Gateway  
  60  6:02  Probe (Chrono Boost)  
  60  6:03  Graviton Catapult  
  61  6:09  Probe (Chrono Boost), Pylon  
  61  6:11  Carrier (Chrono Boost)  
  62  6:15  Nexus  
  63  6:19  Probe (Chrono Boost)  
  63  6:20  Probe (Chrono Boost)  
  65  6:25  Probe (Chrono Boost)  
  65  6:27  Probe, Pylon  
  72  6:41  Gateway  
  72  6:42  Forge  
  72  6:47  Pylon  
  72  6:48  Protoss Air Weapons Level 1  
  72  6:49  Adept  
  72  6:50  Adept x2  
  72  6:52  Probe  
  79  6:57  Carrier (Chrono Boost)  
  76  7:10  Adept x2  
  76  7:13  Adept x2  
  84  7:22  Stargate  
  90  7:25  Probe  
  85  7:39  Adept x2  
  85  7:40  Stalker, Adept  
  93  7:53  Stalker  
  93  7:57  Protoss Ground Weapons Level 1 (Chrono Boost)  
  83  8:14  Zealot  
  83  8:15  Zealot x3  
  83  8:16  Stalker  
  83  8:19  Void Ray (Chrono Boost)  
  89  8:21  Void Ray (Chrono Boost)  
  89  8:22  Mothership Core (Chrono Boost)  
  89  8:25  Pylon  
  91  8:32  Zealot  
  93  8:38  Zealot  
  93  8:39  Zealot  
  93  8:40  Adept  
  95  8:44  Assimilator  
  95  8:46  Assimilator  
  95  8:51  Adept  
  95  8:52  Adept  
  95  8:55  Probe x2  
  91  9:08  Carrier (Chrono Boost)  
  91  9:09  Carrier (Chrono Boost)  
  87  9:10  Sentry  
  88  9:26  Protoss Air Weapons Level 2 (Chrono Boost)  
  100  9:35  Probe  
  101  9:39  Protoss Shields Level 1 (Chrono Boost)  
  101  9:47  Probe (Chrono Boost)  
  104  9:57  Probe x2 (Chrono Boost)  
  104  9:59  Probe (Chrono Boost)  
  105  10:08  Carrier  
  95  10:29  Void Ray  
  101  10:43  Probe (Chrono Boost)  
  101  10:47  Twilight Council  
  101  10:49  Probe x2 (Chrono Boost)  
  104  10:50  Pylon  
  104  10:52  Probe (Chrono Boost)  
  105  10:57  Oracle  
  105  10:59  Photon Cannon  
  105  11:09  Probe (Chrono Boost)  
  108  11:13  Probe (Chrono Boost), Photon Cannon x2  
  108  11:15  Pylon, Carrier (Chrono Boost)  
  108  11:16  Probe (Chrono Boost)  
  108  11:17  Pylon  
  108  11:22  Probe (Chrono Boost)  
  103  11:30  Probe x2  
  105  11:36  Oracle (Chrono Boost)  
  105  11:39  Charge (Chrono Boost)  
  114  11:42  Dark Shrine  
  114  11:47  Probe  
  114  11:53  Probe  
  112  12:03  Zealot  
  112  12:04  Adept x2, Zealot  
  112  12:05  Zealot x2  
  122  12:17  Probe x2  
  119  12:38  Pylon  
  119  12:41  Gateway  
  111  12:47  Photon Cannon  
  111  12:50  Photon Cannon  
  109  12:53  Gateway  
  109  12:54  Templar Archives  
  109  12:58  Pylon  
  103  13:08  Carrier (Chrono Boost)  
  99  13:22  Nexus  
  99  13:24  Pylon  
  99  13:30  Void Ray (Chrono Boost), Assimilator  
  99  13:31  Psionic Storm  
  109  13:45  Protoss Ground Weapons Level 2 (Chrono Boost)  
  109  13:55  Dark Templar x2  
  111  14:04  Dark Templar  
  111  14:06  Zealot  
  111  14:46  Void Ray (Chrono Boost)  
  111  14:52  Void Ray (Chrono Boost)  
  115  14:55  Dark Templar  
  117  15:01  Assimilator  
  117  15:03  Probe (Chrono Boost)  
  121  15:07  Probe x3 (Chrono Boost)  
  121  15:09  Photon Cannon  
  121  15:11  Probe (Chrono Boost)  
  121  15:12  Photon Cannon  
  121  15:13  Photon Cannon  
  124  15:14  Probe x2 (Chrono Boost)  
  124  15:15  Pylon  
  124  15:20  Probe  
  124  15:21  Probe, Void Ray (Chrono Boost), Archon  
  130  15:30  Photon Cannon  
  130  15:31  Pylon  
  130  15:46  Zealot x4  
  136  16:37  Robotics Facility  
  136  16:40  Pylon  
  138  17:03  Forge  
  138  17:05  Cybernetics Core  
  138  17:07  Pylon  
Tags
 
Add a new tag
Caveats
  • Supply blocks, unpowered buildings, or Contaminate may cause inaccurate times.
  • Supply counts are checked every 10 seconds.